MLB
BOSTON RED SOX @ NEW YORK YANKEES
09/12/2049
 
TOP OF THE 1ST
Boston Red Sox batting - Pitching for New York Yankees : RHP Bryce Cleavinger
Pitching: RHP Bryce Cleavinger
Batting: RHB Alois Wollf 0-0: Ball
1-0: Ball
2-0: Swinging Strike
2-1: Foul Ball, location: 2F
2-2: Strikes out swinging
Batting: LHB Kevin McCormic Jr. 0-0: Foul Ball, location: 2F
0-1: Ball
1-1: Called Strike
1-2: Strikes out swinging
Batting: RHB David Price Jr. 0-0: Swinging Strike
0-1: Ball
1-1: Called Strike
1-2: Strikes out swinging
Top of the 1st over - 0 runs, 0 hits, 0 errors, 0 left on base; Boston 0 - New York 0
BOTTOM OF THE 1ST
New York Yankees batting - Pitching for Boston Red Sox : RHP Justin Whitesack
Pitching: RHP Justin Whitesack
Batting: RHB Jeckel Hester 0-0: Called Strike
0-1: Ball
1-1: Swinging Strike
1-2: Ball
2-2: Strikes out looking
Batting: RHB Shiro Suehiro 0-0: Ball
1-0: Called Strike
1-1: Ground out 6-3 (Groundball, 6, EV 81.9 MPH)
Batting: SHB Bartholomeu Chambino 0-0: Ball
1-0: Ball
2-0: Foul Ball, location: 2F
2-1: DOUBLE (Line Drive, 9LM, EV 110.6 MPH)
Batting: SHB Gus Berry 0-0: Called Strike
0-1: Swinging Strike
0-2: Strikes out looking
Bottom of the 1st over - 0 runs, 1 hit, 0 errors, 1 left on base; Boston 0 - New York 0
TOP OF THE 2ND
Boston Red Sox batting - Pitching for New York Yankees : RHP Bryce Cleavinger
Batting: LHB Jarrett Mordecai 0-0: Ball
1-0: Ball
2-0: Ball
3-0: Base on Balls
Batting: LHB Sakae Kasahara 0-0: Ball
1-0: Fly out, F7 (Flyball, 78S, EV 81.9 MPH)
Batting: RHB Elijah Campbell 0-0: Called Strike
0-1: Ball
1-1: Foul Ball, location: 2F
1-2: Foul Ball, location: 2F
1-2: Ground out 6-3 (Groundball, P, EV 80.0 MPH)
Jarrett Mordecai to second
Batting: RHB Nick Esteves 0-0: Ball
1-0: SINGLE (Flyball, 56D, EV 90.0 MPH)
Jarrett Mordecai to third
Batting: SHB Greg Shaw 0-0: Ball
1-0: Called Strike
1-1: Ground out 4-3 (Groundball, 4, EV 76.2 MPH)
Top of the 2nd over - 0 runs, 1 hit, 0 errors, 2 left on base; Boston 0 - New York 0
BOTTOM OF THE 2ND
New York Yankees batting - Pitching for Boston Red Sox : RHP Justin Whitesack
Batting: RHB Adriaan Pieters 0-0: Fly out, F8 (Line Drive, 8RM, EV 88.8 MPH)
Batting: SHB Mukhtar Wa'il 0-0: Ball
1-0: Foul Ball, location: 2F
1-1: Swinging Strike
1-2: Strikes out swinging
Batting: RHB Larry Martell 0-0: Called Strike
0-1: Ball
1-1: Ball
2-1: Swinging Strike
2-2: Strikes out swinging
Bottom of the 2nd over - 0 runs, 0 hits, 0 errors, 0 left on base; Boston 0 - New York 0
TOP OF THE 3RD
Boston Red Sox batting - Pitching for New York Yankees : RHP Bryce Cleavinger
Batting: RHB Ray Llewellyn 0-0: Called Strike
0-1: Foul Ball, location: 2F
0-2: Strikes out looking
Batting: RHB Alois Wollf 0-0: Ball
1-0: Ball
2-0: Ball
3-0: Called Strike
3-1: Foul Ball, location: 2F
3-2: Foul Ball, location: 2F
3-2: Foul Ball, location: 2F
3-2: SINGLE (Groundball, 6MD, EV 103.1 MPH)
Batting: LHB Kevin McCormic Jr. 0-0: Ball
1-0: Ball
Alois Wollf is caught stealing 2nd base 2-6
2-0: SINGLE (Line Drive, 34D, EV 110.0 MPH)
Batting: RHB David Price Jr. 0-0: Called Strike
0-1: Foul Ball, location: 2F
0-2: Strikes out swinging
Top of the 3rd over - 0 runs, 2 hits, 0 errors, 1 left on base; Boston 0 - New York 0
BOTTOM OF THE 3RD
New York Yankees batting - Pitching for Boston Red Sox : RHP Justin Whitesack
Batting: RHB Geni Prawiranega 0-0: Ball
1-0: Ball
2-0: Ball
3-0: Called Strike
3-1: Foul Ball, location: 2F
3-2: Fly out, F7 (Flyball, 7LMF, EV 90.0 MPH)
Batting: LHB Dan Morris 0-0: Called Strike
0-1: Fly out, F7 (Line Drive, 7S, EV 93.1 MPH)
Batting: RHB Jeckel Hester 0-0: Fly out, F3 (Popup, 3L, EV 65.6 MPH)
Bottom of the 3rd over - 0 runs, 0 hits, 0 errors, 0 left on base; Boston 0 - New York 0
TOP OF THE 4TH
Boston Red Sox batting - Pitching for New York Yankees : RHP Bryce Cleavinger
Batting: LHB Jarrett Mordecai 0-0: Called Strike
0-1: Ball
1-1: Ball
2-1: Swinging Strike
2-2: Strikes out looking
Batting: LHB Sakae Kasahara 0-0: Ball
1-0: Ball
2-0: Called Strike
2-1: Foul Ball, location: 2F
2-2: Fly out, F8 (Flyball, 89D, EV 83.1 MPH)
Batting: RHB Elijah Campbell 0-0: Swinging Strike
0-1: Ball
1-1: Fly out, F9 (Line Drive, 9LM, EV 97.5 MPH)
Top of the 4th over - 0 runs, 0 hits, 0 errors, 0 left on base; Boston 0 - New York 0
BOTTOM OF THE 4TH
New York Yankees batting - Pitching for Boston Red Sox : RHP Justin Whitesack
Batting: RHB Shiro Suehiro 0-0: Ball
1-0: Called Strike
1-1: Foul Ball, location: 2F
1-2: Strikes out looking
Batting: SHB Bartholomeu Chambino 0-0: Called Strike
0-1: Fly out, F7 (Flyball, 7, EV 78.1 MPH)
Batting: SHB Gus Berry 0-0: Swinging Strike
0-1: Ball
1-1: Fly out, F8 (Flyball, 78M, EV 90.6 MPH)
Bottom of the 4th over - 0 runs, 0 hits, 0 errors, 0 left on base; Boston 0 - New York 0
TOP OF THE 5TH
Boston Red Sox batting - Pitching for New York Yankees : RHP Bryce Cleavinger
Batting: RHB Nick Esteves 0-0: Ball
1-0: Ball
2-0: Called Strike
2-1: Swinging Strike
2-2: Ball
3-2: Strikes out swinging
Batting: SHB Greg Shaw 0-0: DOUBLE (Line Drive, 78D, EV 101.9 MPH)
Batting: RHB Ray Llewellyn 0-0: Fly out, F8 (Flyball, 8LM, EV 83.8 MPH)
Batting: RHB Alois Wollf 0-0: Fly out, F9 (Line Drive, 9D, EV 87.5 MPH)
Top of the 5th over - 0 runs, 1 hit, 0 errors, 1 left on base; Boston 0 - New York 0
BOTTOM OF THE 5TH
New York Yankees batting - Pitching for Boston Red Sox : RHP Justin Whitesack
Batting: RHB Adriaan Pieters 0-0: SINGLE (Line Drive, 56D, EV 104.4 MPH)
Batting: SHB Mukhtar Wa'il 0-0: Foul Ball, location: 2F
0-1: Foul Ball, location: 2F
0-2: Hit by Pitch
Adriaan Pieters to second
Batting: RHB Larry Martell 0-0: Ball
1-0: Called Strike
1-1: SINGLE (Line Drive, 6MD, EV 97.5 MPH)
Adriaan Pieters to third
Mukhtar Wa'il to second
Batting: RHB Geni Prawiranega 0-0: Ball
1-0: Ball
2-0: Fly out, F8 (Flyball, 8LXD, EV 91.9 MPH)
Runner from 3rd tags up, SCORES, no throw by CF
Batting: LHB Dan Morris 0-0: SINGLE (Groundball, 34D, EV 111.2 MPH)
Mukhtar Wa'il to third
Larry Martell to second
Runner from 3rd tries for Home, throw by RF and OUT! 9-2
Batting: RHB Jeckel Hester 0-0: Ball
1-0: Fly out, F9 (Line Drive, 89M, EV 94.4 MPH)
Bottom of the 5th over - 1 run, 3 hits, 0 errors, 2 left on base; Boston 0 - New York 1
TOP OF THE 6TH
Boston Red Sox batting - Pitching for New York Yankees : RHP Bryce Cleavinger
Batting: LHB Kevin McCormic Jr. 0-0: Ball
1-0: Foul Ball, location: 2F
1-1: Called Strike
1-2: Ball
2-2: Ball
3-2: SINGLE (Groundball, 6D, EV 107.5 MPH)
Batting: RHB David Price Jr. 0-0: Called Strike
0-1: Swinging Strike
0-2: Ball
1-2: Ball
2-2: Strikes out looking
Batting: LHB Jarrett Mordecai 0-0: Called Strike
0-1: Ball
1-1: Foul Ball, location: 2F
1-2: Strikes out swinging
Batting: LHB Sakae Kasahara 0-0: Called Strike
0-1: Called Strike
0-2: Ground out 4-3 (Groundball, 4D, EV 106.9 MPH)
Top of the 6th over - 0 runs, 1 hit, 0 errors, 1 left on base; Boston 0 - New York 1
BOTTOM OF THE 6TH
New York Yankees batting - Pitching for Boston Red Sox : RHP Justin Whitesack
Batting: RHB Shiro Suehiro 0-0: Ball
1-0: Ball
2-0: Called Strike
2-1: Foul Ball, location: 2F
2-2: Strikes out swinging
Batting: SHB Bartholomeu Chambino 0-0: Foul Ball, location: 2F
0-1: Foul Ball, location: 2F
0-2: Ball
1-2: Strikes out swinging
Batting: SHB Gus Berry 0-0: Ball
1-0: Ball
2-0: Called Strike
2-1: Ball
3-1: Foul Ball, location: 2F
3-2: Strikes out swinging
Bottom of the 6th over - 0 runs, 0 hits, 0 errors, 0 left on base; Boston 0 - New York 1
TOP OF THE 7TH
Boston Red Sox batting - Pitching for New York Yankees : RHP Bryce Cleavinger
Batting: RHB Elijah Campbell 0-0: Foul Ball, location: 2F
0-1: Foul Ball, location: 2F
0-2: Foul Ball, location: 2F
0-2: Ball
1-2: Strikes out swinging
Batting: RHB Nick Esteves 0-0: Ball
1-0: Ball
2-0: Called Strike
2-1: Foul Ball, location: 2F
2-2: SINGLE (Groundball, 25, EV 61.9 MPH) (infield hit)
Batting: SHB Greg Shaw 0-0: Ball
Nick Esteves steals 2nd base
1-0: Called Strike
1-1: Foul Ball, location: 2F
1-2: Ball
2-2: Ground out 4-3 (Groundball, 4, EV 87.5 MPH)
Nick Esteves to third
Batting: RHB Ray Llewellyn 0-0: Ball
1-0: Called Strike
1-1: Ball
2-1: Ball
3-1: Fly out, F7 (Flyball, 7D, EV 83.8 MPH)
Top of the 7th over - 0 runs, 1 hit, 0 errors, 1 left on base; Boston 0 - New York 1
BOTTOM OF THE 7TH
New York Yankees batting - Pitching for Boston Red Sox : RHP Justin Whitesack
Batting: RHB Adriaan Pieters 0-0: Called Strike
0-1: Ball
1-1: Ball
2-1: Foul Ball, location: 2F
2-2: Foul Ball, location: 2F
2-2: Ball
3-2: Fly out, F8 (Flyball, 8RM, EV 83.1 MPH)
Batting: SHB Mukhtar Wa'il 0-0: Called Strike
0-1: Ball
1-1: SINGLE (Line Drive, 6MD, EV 96.2 MPH)
Batting: RHB Larry Martell 0-0: Called Strike
0-1: Foul Ball, location: 2F
0-2: Foul Ball, location: 2F
0-2: Strikes out looking
Batting: RHB Geni Prawiranega 0-0: Called Strike
0-1: Ball
1-1: Called Strike
1-2: Ball
2-2: Strikes out swinging
Bottom of the 7th over - 0 runs, 1 hit, 0 errors, 1 left on base; Boston 0 - New York 1
TOP OF THE 8TH
Boston Red Sox batting - Pitching for New York Yankees : RHP Bryce Cleavinger
Pitching: LHP Julio Gonzalez
Batting: RHB Alois Wollf 0-0: Foul Ball, location: 2F
0-1: Ball
1-1: Foul Ball, location: 2F
1-2: Strikes out swinging
Batting: LHB Kevin McCormic Jr. 0-0: Called Strike
0-1: Fly out, F9 (Flyball, 89S, EV 91.2 MPH)
Batting: RHB David Price Jr. 0-0: Foul Ball, location: 2F
0-1: Foul Ball, location: 2F
0-2: Fly out, F9 (Flyball, 9, EV 95.0 MPH)
Top of the 8th over - 0 runs, 0 hits, 0 errors, 0 left on base; Boston 0 - New York 1
BOTTOM OF THE 8TH
New York Yankees batting - Pitching for Boston Red Sox : RHP Justin Whitesack
Batting: LHB Dan Morris 0-0: Ball
1-0: Ball
2-0: Ball
3-0: Base on Balls
Pitching: RHP Jim Whiteman
Batting: RHB Jeckel Hester 0-0: Sac Bunt to 25 - play at first, batter OUT! 5-3
Dan Morris to second
Batting: RHB Shiro Suehiro 0-0: Foul Ball, location: 2F
0-1: Fly out, F7 (Flyball, 7, EV 71.9 MPH)
Batting: SHB Bartholomeu Chambino 0-0: Called Strike
0-1: Ball
1-1: Ball
2-1: Ball
3-1: Base on Balls
Batting: SHB Gus Berry 0-0: Ball
1-0: SINGLE (Line Drive, 9S, EV 111.2 MPH)
Dan Morris to third
Bartholomeu Chambino to second
Batting: RHB Adriaan Pieters 0-0: Swinging Strike
0-1: Ball
Wild Pitch!
Dan Morris scores
Bartholomeu Chambino to third
Gus Berry to second
1-1: Ball
2-1: Ball
3-1: SINGLE (Groundball, 56D, EV 98.1 MPH)
Bartholomeu Chambino scores
Gus Berry to third
Runner from 3rd tries for Home, SAFE, throw by LF to home
Batting: SHB Mukhtar Wa'il 0-0: TRIPLE (Flyball, 9LD, EV 96.9 MPH)
Adriaan Pieters scores
Pitching: RHP Roberto Morales
Batting: RHB Larry Martell 0-0: Ball
1-0: Ground out 6-3 (Groundball, 6MS, EV 91.2 MPH)
Bottom of the 8th over - 4 runs, 3 hits, 0 errors, 1 left on base; Boston 0 - New York 5
TOP OF THE 9TH
Boston Red Sox batting - Pitching for New York Yankees : LHP Julio Gonzalez
Batting: LHB Jarrett Mordecai 0-0: Called Strike
0-1: Fly out, F5 (Popup, 56S, EV 81.2 MPH)
Batting: RHB Andrew Robinson 0-0: Called Strike
0-1: SOLO HOME RUN (Flyball, 9D, EV 97.5 MPH), Distance : 406 ft
Batting: RHB Elijah Campbell 0-0: Called Strike
0-1: Called Strike
0-2: Strikes out looking
Batting: RHB Nick Esteves 0-0: Ball
1-0: Called Strike
1-1: Foul Ball, location: 2F
1-2: Strikes out looking
Top of the 9th over - 1 run, 1 hit, 0 errors, 0 left on base; Boston 1 - New York 5
Sunday, July 16th , 2023 - OOTP Baseball 24.6 Build 69